Map: Lerilak Crest

Players

Dayshi

  • Race: Terran Terran
  • League: Grandmaster

CMStormPolt (Polt) - Winner!

  • Race: Terran Terran
  • League: Master

Event: 2016 WCS Winter Circuit Championship

VOD

Have the link to the VOD?

Description

Time

  • Played on: March 3, 2016, 8:41 a.m.
  • Length: 11:47

All games in this series

Show
View Real Time Build Order
Export as new Build Order

Dayshi Terran 

Build Orders: 1/1/1 

Get SALT Encoding   

  12  0:00  SCV  
  13  0:12  SCV  
  14  0:17  Supply Depot  
  14  0:24  SCV  
  15  0:29  Refinery  
  15  0:40  Barracks  
  15  0:44  SCV  
  16  0:57  SCV  
  17  1:09  SCV  
  18  1:27  Marine  
  18  1:28  Orbital Command  
  18  1:31  Factory  
  19  1:37  Supply Depot  
  19  1:45  Marine  
  20  1:53  SCV  
  21  2:01  Refinery  
  21  2:05  SCV, Marine  
  23  2:09  Supply Depot  
  23  2:16  Hellion  
  23  2:17  Starport  
  23  2:21  SCV  
  26  2:23  Marine  
  27  2:33  SCV  
  28  2:37  Supply Depot  
  28  2:40  Hellion  
  28  2:42  Marine  
  31  2:46  SCV  
  32  2:53  Medivac  
  34  2:59  Marine  
  34  3:02  Hellion  
  37  3:06  SCV  
  38  3:19  Barracks Reactor  
  38  3:28  Viking  
  38  3:29  Factory Tech Lab  
  30  3:58  SCV  
  30  4:00  Command Center  
  30  4:01  Marine x2  
  29  4:14  Raven  
  31  4:19  Factory Tech Lab, Marine x2  
  31  4:20  SCV  
  33  4:35  SCV  
  33  4:36  Marine  
  33  4:37  Marine  
  33  4:38  Siege Tank, Cloaking Field  
  37  4:47  SCV  
  38  4:54  Marine x2  
  38  4:57  Banshee  
  38  4:59  SCV  
  43  5:10  Siege Tank  
  43  5:11  SCV  
  47  5:31  SCV, Marine  
  47  5:32  Marine  
  43  5:49  Marine  
  40  5:53  SCV  
  41  5:58  Marine  
  41  5:59  Siege Tank  
  41  6:03  Command Center  
  42  6:09  Banshee  
  45  6:11  Marine  
  45  6:14  SCV  
  45  6:15  Barracks  
  47  6:26  Marine  
  47  6:29  SCV, Marine  
  50  6:36  Siege Tank  
  51  6:57  Engineering Bay  
  51  7:07  SCV  
  50  7:14  Refinery  
  46  7:19  Orbital Command, Viking x2  
  46  7:20  Marine  
  51  7:26  Barracks Reactor  
  51  7:39  Stimpack, Barracks, Marine  
  51  7:41  SCV  
  51  7:43  Orbital Command  
  53  7:54  SCV  
  53  7:57  Marine  
  51  8:08  Siege Tank  
  51  8:09  SCV x2  
  51  8:11  Marine x2  
  56  8:15  Marine  
  57  8:21  SCV  
  57  8:22  SCV  
  59  8:29  Marine x2  
  59  8:33  SCV, Marine  
  59  8:34  SCV  
  64  8:35  Medivac x2  
  68  8:45  SCV  
  66  8:51  Siege Tank  
  66  8:55  SCV  
  70  9:07  Supply Depot  
  70  9:09  Supply Depot  
  70  9:27  SCV x2, Marine x2, Viking x2  
  70  9:29  Marine  
  79  9:35  Supply Depot, Terran Infantry Weapons Level 1  
  79  9:39  Siege Tank  
  81  9:48  SCV x2  
  81  9:49  Marine  
  77  10:17  SCV  
  76  10:30  SCV x2  
  76  10:31  Refinery, Starport  
  76  10:32  Starport  
  73  10:44  Marine x2  
  73  10:48  Factory Tech Lab, SCV x2  
  76  10:52  Barracks x2  
  75  11:00  SCV x2  
  75  11:03  Factory Tech Lab  
  77  11:04  Marine  
  77  11:08  Barracks  
  77  11:10  Medivac  
  80  11:15  Medivac  
Show
View Real Time Build Order
Export as new Build Order

CMStormPolt Terran - Winner!

Build Orders: 1/1/1, Banshee Rush 

Get SALT Encoding   

  12  0:00  SCV  
  13  0:12  SCV  
  14  0:17  Supply Depot  
  14  0:25  SCV  
  15  0:29  Refinery  
  15  0:38  SCV  
  16  0:43  Barracks  
  16  0:50  SCV  
  16  0:54  Refinery  
  17  1:02  SCV  
  18  1:15  SCV  
  19  1:30  Orbital Command, Reaper  
  20  1:37  Factory  
  20  1:54  Supply Depot  
  20  1:55  SCV  
  21  2:02  Reaper  
  21  2:07  SCV  
  23  2:19  SCV  
  23  2:20  Hellion  
  26  2:22  Starport  
  26  2:31  SCV  
  26  2:36  Supply Depot, Barracks Tech Lab  
  27  2:42  Hellion  
  29  2:44  SCV  
  30  2:56  SCV  
  30  3:03  Hellion  
  30  3:04  Supply Depot  
  32  3:05  Viking  
  32  3:09  Barracks Reactor  
  32  3:12  Cloaking Field  
  34  3:16  SCV  
  35  3:25  Factory Tech Lab  
  35  3:29  SCV  
  36  3:41  Banshee  
  36  3:45  Siege Tank, Marine x2  
  39  3:59  SCV  
  40  4:07  Marine x2  
  42  4:11  SCV  
  42  4:12  Supply Depot  
  43  4:19  Siege Tank  
  45  4:25  Marine x2  
  47  4:33  Banshee  
  47  4:35  Supply Depot  
  50  4:43  Marine x2  
  52  4:54  Siege Tank  
  52  4:57  SCV  
  56  5:01  Marine x2  
  56  5:04  Supply Depot  
  58  5:22  Marine x2  
  58  5:23  Banshee  
  58  5:27  Siege Tank  
  61  5:42  Marine x2  
  54  5:55  Command Center  
  46  6:07  SCV  
  46  6:11  Raven  
  46  6:20  Marine x2  
  46  6:25  Cyclone  
  49  6:30  SCV  
  50  6:45  Marine x2  
  52  6:54  Supply Depot, Viking  
  52  6:58  Command Center  
  54  7:03  Siege Tank  
  54  7:04  Marine x2  
  56  7:27  Barracks  
  56  7:28  Barracks  
  58  7:35  SCV  
  57  7:43  Viking x2  
  61  7:48  Stimpack  
  61  7:51  SCV, Marine  
  63  8:06  Liberator  
  63  8:10  SCV  
  65  8:21  Refinery  
  65  8:25  Refinery  
  64  8:27  SCV  
  65  8:34  Marine  
  65  8:35  Marine x2  
  65  8:36  Engineering Bay  
  65  8:38  Orbital Command  
  65  8:39  SCV  
  68  8:51  SCV  
  69  8:57  Marine x3  
  69  8:58  Siege Tank  
  75  9:06  Missile Turret, SCV x2  
  77  9:21  Marine x2  
  77  9:22  Marine  
  80  9:31  Medivac x2  
  84  9:39  Marine x3  
  84  9:43  Supply Depot  
  87  9:51  Combat Shields  
  86  9:58  Marine x3  
  87  10:19  Viking x2  
  91  10:22  Marine x3  
  91  10:27  Siege Tank  
  95  10:36  Liberator  
  92  10:43  Marine x3  
  92  10:49  Medivac  
  100  11:01  Marine x2  
  100  11:03  Supply Depot x2  
  102  11:04  Siege Tank, Marine  
  106  11:18  Marine x2  
  106  11:22  Marine  
Tags
 
Add a new tag
Caveats
  • Supply blocks, unpowered buildings, or Contaminate may cause inaccurate times.
  • Supply counts are checked every 10 seconds.